[Event "ICC tourney 2284 (60 10)"]
[Site "Internet Chess Club"]
[Date "2021.01.10"]
[Round "4"]
[White "raawad"]
[Black "ChocolateSwirl"]
[Result "1-0"]
[ICCResult "Black checkmated"]
[WhiteElo "1442"]
[BlackElo "1162"]
[Opening "QGD semi-Slav: 5.e3"]
[ECO "D45"]
[NIC "SL.08"]
[Time "10:01:06"]
[PlyCount "117"]
[TimeControl "3600+10"]

1. d4 d5 2. c4 c6 3. Nc3 Nf6 4. e3 e6 5. Nf3 Bb4 6. Bd2 Bxc3 7. Bxc3 O-O 8.
Bd3 dxc4 9. Bxc4 b5 10. Bd3 Nbd7 11. O-O Bb7 12. Rc1 Nd5 13. a3 a6 14. Qc2
N5f6 15. Ng5 h6 16. Ne4 Nxe4 17. Bxe4 Nf6 18. Bf3 Nd5 19. Bb4 Nxb4 20. axb4
Rc8 21. Qb3 Qd7 22. Rc5 Rc7 23. Rfc1 Rfc8 24. Qc3 Kf8 25. Bg4 f5 26. Bf3 g6
27. d5 exd5 28. Bxd5 h5 29. Qf6+ Ke8 30. Be6 Qd6 31. Qh8+ Ke7 32. Bxc8 Rxc8
33. Qe5+ Qxe5 34. Rxe5+ Kd6 35. Rec5 Kd7 36. Kf1 Kd6 37. Ke2 Kd7 38. Kf3 g5
39. g3 Rf8 40. Re1 g4+ 41. Kf4 Ke6 42. Re5+ Kf6 43. Rxf5+ Kg7 44. Rxf8 Kxf8
45. Kg5 Bc8 46. Kxh5 Kf7 47. e4 Ke6 48. Kxg4 Ke5+ 49. Kg5 Ke6 50. h4 Kf7
51. h5 Kg7 52. h6+ Kh7 53. e5 Be6 54. f4 Bd7 55. e6 Be8 56. f5 Kg8 57. f6
Kf8 58. h7 Bh5 59. h8=Q# { Black checkmated } 1-0

[Event "ICC tourney 2284 (60 10)"]
[Site "Internet Chess Club"]
[Date "2021.01.10"]
[Round "4"]
[White "jebele123"]
[Black "evilking"]
[Result "0-1"]
[ICCResult "White checkmated"]
[WhiteElo "1559"]
[BlackElo "1784"]
[Opening "Ruy Lopez: Anderssen variation"]
[ECO "C77"]
[NIC "RL.12"]
[Time "10:01:12"]
[PlyCount "56"]
[TimeControl "3600+10"]

1. e4 e5 2. Nf3 Nc6 3. Bb5 a6 4. Ba4 Nf6 5. d3 b5 6. Bb3 Be7 7. c3 d6 8.
Nbd2 O-O 9. O-O h6 10. Bc2 d5 11. Re1 d4 12. cxd4 exd4 13. Nf1 Re8 14. Ng3
Bd6 15. Nf1 Bg4 16. N1d2 Ne5 17. a3 Nh7 18. h3 Bh5 19. Kh1 Ng5 20. Rg1
Ngxf3 21. Nxf3 Nxf3 22. gxf3 Qh4 23. Kg2 Re6 24. Rh1 Rg6+ 25. Kf1 Qf6 26.
Qd2 Qxf3 27. Rg1 Qxh3+ 28. Ke1 Rxg1# { White checkmated } 0-1

[Event "ICC tourney 2284 (60 10)"]
[Site "Internet Chess Club"]
[Date "2021.01.10"]
[Round "4"]
[White "Blue-Elephant1"]
[Black "bubblegum22"]
[Result "1-0"]
[ICCResult "Black checkmated"]
[WhiteElo "2120"]
[BlackElo "1300"]
[Opening "King's Indian: Kramer system"]
[ECO "E70"]
[NIC "KI.52"]
[Time "10:00:54"]
[PlyCount "121"]
[TimeControl "3600+10"]

1. d4 Nf6 2. c4 g6 3. Nc3 Bg7 4. e4 d6 5. Nge2 O-O 6. f3 Nbd7 7. Be3 e5 8.
d5 a5 9. Nc1 Nc5 10. Be2 Bd7 11. b3 Qe7 12. Nd3 Nxd3+ 13. Bxd3 c6 14. O-O
cxd5 15. cxd5 Rfc8 16. Rc1 Rab8 17. Qe2 Qe8 18. a4 Nh5 19. g3 f5 20. Bd2 f4
21. g4 Nf6 22. Bb5 Rd8 23. Bxd7 Qxd7 24. Nb5 Rdc8 25. Bxa5 b6 26. Bb4 Bf8
27. Na3 Qa7 28. Nb5 Qd7 29. Rc3 Rxc3 30. Nxc3 Qa7 31. Nb5 Qd7 32. Rc1 Rc8
33. Rxc8 Qxc8 34. Qc4 Qd8 35. Qc7 Qxc7 36. Nxc7 Nd7 37. Nb5 Nc5 38. Bxc5
dxc5 39. Nc7 Be7 40. Ne6 Kf7 41. Kf1 h5 42. h3 hxg4 43. hxg4 Ke8 44. Ke2
Kd7 45. Kd3 Kc8 46. Kc4 Kb7 47. Kb5 g5 48. a5 bxa5 49. Nxc5+ Kc7 50. Ne6+
Kb7 51. Kxa5 Ka7 52. b4 Kb7 53. Kb5 Bf6 54. d6 Kc8 55. Kc6 Bd8 56. d7+ Kb8
57. Nxd8 Ka7 58. Ne6 Ka6 59. d8=Q Ka7 60. Qb6+ Ka8 61. Nc7# { Black
checkmated } 1-0

[Event "ICC tourney 2284 (60 10)"]
[Site "Internet Chess Club"]
[Date "2021.01.10"]
[Round "4"]
[White "SAHYMS-Subi"]
[Black "MahchessICC"]
[Result "0-1"]
[ICCResult "White checkmated"]
[WhiteElo "1156"]
[BlackElo "1351"]
[Opening "English: Sicilian reversed"]
[ECO "A25"]
[NIC "EO.20"]
[Time "10:00:54"]
[PlyCount "74"]
[TimeControl "3600+10"]

1. c4 e5 2. Nc3 Nc6 3. g3 Bc5 4. Bg2 Nge7 5. e3 d6 6. Nge2 Be6 7. d4 Bxc4
8. dxc5 dxc5 9. O-O O-O 10. b3 Ba6 11. Bb2 Qc8 12. Qc2 Nb4 13. Qb1 Rd8 14.
Rd1 Bd3 15. Qc1 Nc2 16. Rb1 Nb4 17. Ra1 Qf5 18. e4 Qe6 19. Qd2 Rd6 20. Nd5
Bxe4 21. Nxe7+ Qxe7 22. Qe3 Bxg2 23. Kxg2 b6 24. Qf3 Rad8 25. Nc3 Nd3 26.
Ba3 Qe6 27. Ne4 Rd4 28. Ng5 Qg6 29. h4 h6 30. Nh3 Rxh4 31. Rh1 f5 32. Nf4
Rxf4 33. Qe2 Rxf2+ 34. Qxf2 Nxf2 35. Kxf2 Rd2+ 36. Ke3 Qg5+ 37. Kf3 e4# {
White checkmated } 0-1

[Event "ICC tourney 2284 (60 10)"]
[Site "Internet Chess Club"]
[Date "2021.01.10"]
[Round "4"]
[White "Blacknight101"]
[Black "saisneha"]
[Result "0-1"]
[ICCResult "White resigns"]
[WhiteElo "1703"]
[BlackElo "1927"]
[Opening "Nimzo-Indian: classical, Noa variation, 5.a3"]
[ECO "E36"]
[NIC "NI.23"]
[Time "10:00:57"]
[PlyCount "62"]
[TimeControl "3600+10"]

1. d4 Nf6 2. c4 e6 3. Nc3 Bb4 4. Qc2 d5 5. a3 Bxc3+ 6. Qxc3 O-O 7. Bg5 c6
8. e3 h6 9. Bh4 Nbd7 10. Bd3 b6 11. Nf3 Bb7 12. cxd5 exd5 13. Ne5 Qc7 14.
Rc1 Rac8 15. b4 Rfe8 16. Bf5 g5 17. Bg3 Qd8 18. h4 g4 19. Nxg4 Nxg4 20.
Bxg4 Ra8 21. Qd3 Nf6 22. Qf5 Bc8 23. Qf4 Nxg4 24. Rxc6 Re4 25. Rd6 Qe7 26.
Qf3 Nxe3 27. Bf4 Bg4 28. Qxe4 Qxe4 29. fxe3 Qb1+ 30. Kf2 Qxh1 31. Bxh6
Qxh4+ { White resigns } 0-1

[Event "ICC tourney 2284 (60 10)"]
[Site "Internet Chess Club"]
[Date "2021.01.10"]
[Round "4"]
[White "watermelon"]
[Black "greenme"]
[Result "0-1"]
[ICCResult "White checkmated"]
[WhiteElo "1761"]
[BlackElo "1519"]
[Opening "King's Indian: Kramer system"]
[ECO "E70"]
[NIC "KI.31"]
[Time "10:01:14"]
[PlyCount "110"]
[TimeControl "3600+10"]

1. d4 Nf6 2. c4 g6 3. Nc3 Bg7 4. e4 d6 5. Nge2 Nbd7 6. f3 e5 7. d5 a5 8. a3
Nc5 9. Be3 Bd7 10. Nc1 O-O 11. Be2 Ne8 12. O-O f5 13. Nb3 Qe7 14. Nxc5 dxc5
15. Qd2 b6 16. Na2 f4 17. Bf2 Qg5 18. Rfc1 h5 19. h4 Qe7 20. b4 cxb4 21.
axb4 g5 22. bxa5 Rxa5 23. c5 gxh4 24. cxb6 cxb6 25. Bxb6 Ra8 26. Bc5 Nd6
27. Qb4 Qg5 28. Bxd6 h3 29. Bf1 Rf7 30. Qe1 h4 31. Kh1 Ra6 32. Bb4 hxg2+
33. Bxg2 h3 34. Bf1 Rg6 35. Qf2 Bf6 36. Qh2 Rfg7 37. Bc5 Qh4 38. Bf2 Qh5
39. Rc3 Bh4 40. Bb6 Bg3 41. Qb2 h2 42. Bg2 Bh3 43. Rc2 Bxg2+ 44. Rxg2 Qxf3
45. Qc3 Qxe4 46. Qc8+ Kh7 47. Qc2 Qxd5 48. Qd2 Qc6 49. Ba5 f3 50. Rf2 Bxf2
51. Qxf2 Rg1+ 52. Rxg1 Rxg1+ 53. Qxg1 hxg1=Q+ 54. Kxg1 Qc2 55. Nb4 Qg2# {
White checkmated } 0-1

[Event "ICC tourney 2284 (60 10)"]
[Site "Internet Chess Club"]
[Date "2021.01.10"]
[Round "4"]
[White "elMo17"]
[Black "ChessHawk8"]
[Result "0-1"]
[ICCResult "White checkmated"]
[WhiteElo "1786"]
[BlackElo "1536"]
[Opening "Queen's pawn game"]
[ECO "D05"]
[NIC "QP.08"]
[Time "10:00:52"]
[PlyCount "60"]
[TimeControl "3600+10"]

1. d4 d5 2. Nf3 Nf6 3. e3 e6 4. Bd3 c5 5. O-O Nc6 6. c3 Be7 7. Nbd2 O-O 8.
dxc5 Bxc5 9. b4 Bb6 10. Bb2 Re8 11. a3 e5 12. e4 Bg4 13. h3 Bh5 14. exd5
Nxd5 15. Qc2 g6 16. Rfe1 Nf4 17. Bf1 Bxf3 18. Nxf3 Qf6 19. Kh2 e4 20. Rxe4
Rxe4 21. Qxe4 Bxf2 22. Rd1 Rd8 23. Rxd8+ Nxd8 24. Qe8+ Kg7 25. Ne5 Nfe6 26.
c4 Qf4+ 27. Kh1 Bd4 28. Bxd4 Qxf1+ 29. Bg1 Nf4 30. Nd7 Qxg2# { White
checkmated } 0-1

[Event "ICC tourney 2284 (60 10)"]
[Site "Internet Chess Club"]
[Date "2021.01.10"]
[Round "4"]
[White "ningningwang"]
[Black "SkyAngel"]
[Result "0-1"]
[ICCResult "White resigns"]
[WhiteElo "1798"]
[BlackElo "2187"]
[Opening "Caro-Kann: Tartakower (Nimzovich) variation"]
[ECO "B15"]
[NIC "CK.06"]
[Time "10:01:01"]
[PlyCount "136"]
[TimeControl "3600+10"]

1. e4 c6 2. d4 d5 3. Nc3 dxe4 4. Nxe4 Nf6 5. Nxf6+ exf6 6. Nf3 Bd6 7. Bd3
O-O 8. Be3 Re8 9. O-O Nd7 10. Re1 Nf8 11. c3 Be6 12. Qc2 Qc7 13. h3 Qd7 14.
Qd2 Ng6 15. Bxg6 fxg6 16. Bf4 Bf8 17. b3 b5 18. Rad1 a5 19. Qc2 Qd5 20. Qe4
g5 21. Bh2 a4 22. Qxd5 Bxd5 23. Rxe8 Rxe8 24. Nd2 axb3 25. axb3 Ba3 26. c4
Bf7 27. Nf1 bxc4 28. bxc4 Bxc4 29. Ne3 Be6 30. Kf1 Rd8 31. Bc7 Rd7 32. Bb6
Kf7 33. Ke2 f5 34. Nc2 Be7 35. Rc1 Bd5 36. Ne3 Ke6 37. f3 Rb7 38. Ba5 Rb2+
39. Rc2 Rxc2+ 40. Nxc2 Bc4+ 41. Kf2 f4 42. Nb4 Kd6 43. Bb6 Kd7 44. Ba5 h6
45. Ke1 Bb5 46. Kf2 Ke6 47. Ke1 Kd7 48. Kf2 Bd8 49. Bxd8 Kxd8 50. Nc2 Kc7
51. Ke1 Kd6 52. Nb4 Bc4 53. Kf2 c5 54. dxc5+ Kxc5 55. Nc2 Bb3 56. Ne1 Kd4
57. g3 Be6 58. gxf4 gxf4 59. h4 g5 60. hxg5 hxg5 61. Nc2+ Kc3 62. Na3 Bc4
63. Nb1+ Kd3 64. Na3 Ba6 65. Nb1 Kc2 66. Na3+ Kb2 67. Kg2 Kxa3 68. Kh3 Bc8+
{ White resigns } 0-1

[Event "ICC tourney 2284 (60 10)"]
[Site "Internet Chess Club"]
[Date "2021.01.10"]
[Round "5"]
[White "IcePotato"]
[Black "SAHYMS-Subi"]
[Result "0-1"]
[ICCResult "White checkmated"]
[WhiteElo "1298"]
[BlackElo "1156"]
[Opening "QGD: Ragozin variation"]
[ECO "D38"]
[NIC "NI.27"]
[Time "13:00:15"]
[PlyCount "128"]
[TimeControl "3600+10"]

1. d4 d5 2. c4 e6 3. Nc3 Nf6 4. Nf3 Bb4 5. Bg5 h6 6. Bh4 c6 7. e3 O-O 8.
Be2 a6 9. O-O Nbd7 10. a3 Ba5 11. Ne5 Qc7 12. Bg3 Nxe5 13. Bxe5 Qe7 14. Bd3
b5 15. cxb5 axb5 16. Qf3 Bc7 17. Bxf6 Qxf6 18. Qxf6 gxf6 19. f4 Kh8 20. e4
Rg8 21. e5 f5 22. Rf3 Ba6 23. Rh3 Kh7 24. b4 Rg4 25. Rf3 Rag8 26. Rf2 Bb6
27. Ne2 R8g6 28. a4 f6 29. exf6 Rxf6 30. axb5 Bxb5 31. Bxb5 cxb5 32. Ra6
Bc7 33. Ra7 Rf7 34. Rf3 Rgg7 35. Re3 Bd6 36. Rxf7 Rxf7 37. Rxe6 Bxb4 38.
Rb6 Bd2 39. Rxb5 Ra7 40. Rxd5 Be3+ 41. Kf1 Ra1+ 42. Nc1 Rxc1+ 43. Ke2 Bxf4
44. g3 Bc7 45. Rd7+ Kg6 46. Kf3 Rf1+ 47. Kg2 Rc1 48. d5 Be5 49. d6 Rd1 50.
Ra7 Rxd6 51. Kf3 Rd3+ 52. Kg2 Rd2+ 53. Kh3 Kh5 54. Ra5 Bf6 55. Rxf5+ Kg6
56. Rf3 Kg5 57. Re3 Bd4 58. Ra3 Bb6 59. Rb3 Bg1 60. Rb5+ Kf6 61. Rb1 Bxh2
62. Rf1+ Kg5 63. Rf3 Bg1 64. Rf1 Rh2# { White checkmated } 0-1

[Event "ICC tourney 2284 (60 10)"]
[Site "Internet Chess Club"]
[Date "2021.01.10"]
[Round "5"]
[White "HallieKopel"]
[Black "Blacknight101"]
[Result "0-1"]
[ICCResult "White resigns"]
[WhiteElo "1446"]
[BlackElo "1703"]
[Opening "Queen's pawn: London system"]
[ECO "A45"]
[NIC "QP.05"]
[Time "13:00:18"]
[PlyCount "86"]
[TimeControl "3600+10"]

1. d4 Nf6 2. Bf4 e6 3. Nf3 d5 4. e3 c5 5. c3 Nc6 6. Nbd2 Be7 7. Bd3 Nh5 8.
Be5 Nxe5 9. Nxe5 Nf6 10. O-O O-O 11. Qf3 Nd7 12. Qh3 f5 13. Ndf3 Bf6 14. c4
Bxe5 15. dxe5 Qc7 16. Ng5 h6 17. Nxe6 Qxe5 18. Nxf8 Kxf8 19. Rab1 Nf6 20.
Qg3 Qe7 21. Qg6 Ne4 22. Bxe4 dxe4 23. Rfd1 Be6 24. Qh7 Kf7 25. b3 Qf6 26.
Rd7+ Bxd7 27. Rd1 Be6 28. h3 Re8 29. g4 fxg4 30. Qxe4 gxh3 31. Qxb7+ Re7
32. Qh1 Qg6+ 33. Kf1 Qc2 34. Qf3+ Kg8 35. Re1 Rf7 36. Qg3 Qe4 37. Qh2 Rf6
38. f4 Rg6 39. Re2 Qf3+ 40. Ke1 Rg2 41. Rxg2 hxg2 42. Qg1 Bh3 43. a4 Qf1+ {
White resigns } 0-1

[Event "ICC tourney 2284 (60 10)"]
[Site "Internet Chess Club"]
[Date "2021.01.10"]
[Round "5"]
[White "avaosmond"]
[Black "tcrgm"]
[Result "0-1"]
[ICCResult "White checkmated"]
[WhiteElo "1258"]
[BlackElo "1587"]
[Opening "French: Rubinstein variation"]
[ECO "C03"]
[NIC "FR.07"]
[Time "13:00:21"]
[PlyCount "54"]
[TimeControl "3600+10"]

1. e4 e6 2. d4 d5 3. Nd2 dxe4 4. Nxe4 Nd7 5. Bd3 Ngf6 6. Bg5 Be7 7. Nf3
Nxe4 8. Bxe7 Qxe7 9. Bxe4 Nf6 10. O-O Nxe4 11. Re1 Nf6 12. d5 Nxd5 13. Qd4
Nf6 14. Rad1 O-O 15. Qh4 Re8 16. Ng5 b6 17. Re3 h6 18. Ne4 Nxe4 19. Qxe4
Ba6 20. Qe5 Rad8 21. Rde1 Bb7 22. Rh3 Rd5 23. Qc3 Red8 24. f3 Qc5+ 25. Re3
Rd1+ 26. Kf2 R8d2+ 27. Kg3 Qg5# { White checkmated } 0-1

[Event "ICC tourney 2284 (60 10)"]
[Site "Internet Chess Club"]
[Date "2021.01.10"]
[Round "5"]
[White "madscience08"]
[Black "raawad"]
[Result "1-0"]
[ICCResult "Black checkmated"]
[WhiteElo "1604"]
[BlackElo "1442"]
[Opening "Caro-Kann: closed (Breyer) variation"]
[ECO "B10"]
[NIC "CK.01"]
[Time "13:00:19"]
[PlyCount "101"]
[TimeControl "3600+10"]

1. e4 c6 2. d3 d5 3. Nd2 dxe4 4. dxe4 Nf6 5. Bc4 e5 6. Ngf3 Bd6 7. O-O Bg4
8. h3 Bh5 9. Re1 O-O 10. Nf1 Bc7 11. Bg5 Nbd7 12. Ng3 Bg6 13. Nh4 b5 14.
Nxg6 hxg6 15. Bb3 Nc5 16. h4 Qxd1 17. Raxd1 Ba5 18. c3 Nxb3 19. axb3 Rad8
20. Be3 a6 21. Ra1 Bc7 22. Rxa6 Rd6 23. Bc5 Rfd8 24. Bxd6 Rxd6 25. c4 bxc4
26. bxc4 Ne8 27. c5 Rd2 28. Ra8 Kf8 29. Rb1 Rc2 30. b4 Ke7 31. h5 gxh5 32.
Nf5+ Kf8 33. Rd1 Rc4 34. Rd7 g6 35. Rxc7 gxf5 36. Rcc8 fxe4 37. Rxe8+ Kg7
38. Rxe5 Rxb4 39. Rc8 Rb5 40. Rxc6 h4 41. Rg5+ Kf8 42. Re5 Ra5 43. Rxe4 h3
44. gxh3 f5 45. Rf4 Ke7 46. Rxf5 Kd7 47. Rd6+ Kc7 48. Rf7+ Kc8 49. Rh6 Ra1+
50. Kg2 Ra7 51. Rh8# { Black checkmated } 1-0

[Event "ICC tourney 2284 (60 10)"]
[Site "Internet Chess Club"]
[Date "2021.01.10"]
[Round "5"]
[White "K624"]
[Black "elMo17"]
[Result "0-1"]
[ICCResult "White checkmated"]
[WhiteElo "1378"]
[BlackElo "1786"]
[Opening "French: exchange variation"]
[ECO "C01"]
[NIC "FR.01"]
[Time "13:00:19"]
[PlyCount "52"]
[TimeControl "3600+10"]

1. e4 e6 2. d4 d5 3. exd5 exd5 4. Nc3 c6 5. Nf3 Nf6 6. Be3 Bb4 7. Bg5 O-O
8. Be2 Bf5 9. O-O Bxc3 10. bxc3 Nbd7 11. Rb1 Qc8 12. Bd3 Ne4 13. Bxe4 Bxe4
14. Nd2 Bf5 15. Rc1 Nb6 16. Qf3 Qe6 17. Qg3 Qg6 18. Be7 Rfe8 19. Qxg6 Bxg6
20. Bb4 Re2 21. Rfd1 Rae8 22. Kf1 f6 23. Nb3 Bxc2 24. Re1 Rxe1+ 25. Rxe1
Bd3+ 26. Kg1 Rxe1# { White checkmated } 0-1

[Event "ICC tourney 2284 (60 10)"]
[Site "Internet Chess Club"]
[Date "2021.01.10"]
[Round "5"]
[White "ChocolateSwirl"]
[Black "Aqualime"]
[Result "0-1"]
[ICCResult "White checkmated"]
[WhiteElo "1162"]
[BlackElo "1458"]
[Opening "Two knights defense"]
[ECO "C58"]
[NIC "KP.01"]
[Time "13:00:32"]
[PlyCount "52"]
[TimeControl "3600+10"]

1. e4 e5 2. Nf3 Nc6 3. Bc4 Nf6 4. Ng5 d5 5. exd5 Na5 6. Bb5+ c6 7. dxc6
bxc6 8. Ba4 h6 9. Nf3 e4 10. Ne5 Qd4 11. Bxc6+ Nxc6 12. Nxc6 Qc5 13. Nxa7
Qxa7 14. Nc3 Bc5 15. O-O O-O 16. d3 exd3 17. cxd3 Bf5 18. Ne2 Bg4 19. a3
Rfe8 20. Qd2 Bxe2 21. b4 Bd4 22. Ra2 Bxf1 23. Kxf1 Re6 24. Qf4 Rae8 25. g3
Qb7 26. Bd2 Qh1# { White checkmated } 0-1

[Event "ICC tourney 2284 (60 10)"]
[Site "Internet Chess Club"]
[Date "2021.01.10"]
[Round "5"]
[White "MahchessICC"]
[Black "jebele123"]
[Result "1-0"]
[ICCResult "Black checkmated"]
[WhiteElo "1351"]
[BlackElo "1559"]
[Opening "Giuoco Piano"]
[ECO "C54"]
[NIC "IG.02"]
[Time "13:00:19"]
[PlyCount "65"]
[TimeControl "3600+10"]

1. e4 e5 2. Nf3 Nc6 3. Bc4 Bc5 4. c3 Nf6 5. d3 O-O 6. O-O d6 7. h3 Be6 8.
Bxe6 fxe6 9. Qe2 Qe7 10. Be3 Bb6 11. Nbd2 d5 12. Bxb6 axb6 13. d4 exd4 14.
cxd4 Qb4 15. e5 Nd7 16. Nb3 Na5 17. Qc2 Nc4 18. Ng5 g6 19. Nxe6 Rfc8 20.
Nf4 c6 21. a3 Qa4 22. e6 Nf6 23. Rfe1 Na5 24. Nxg6 Kg7 25. Nf4 Nxb3 26. Qf5
Rf8 27. e7 Rf7 28. Ne6+ Kh8 29. Ng5 Kg7 30. Nxf7 Nxa1 31. Nd6 Qxd4 32. Qg5+
Kh8 33. Nf7# { Black checkmated } 1-0

[Event "ICC tourney 2284 (60 10)"]
[Site "Internet Chess Club"]
[Date "2021.01.10"]
[Round "5"]
[White "sushimonster"]
[Black "ningningwang"]
[Result "1-0"]
[ICCResult "Black resigns"]
[WhiteElo "1510"]
[BlackElo "1798"]
[Opening "Sicilian: Alapin's variation (2.c3)"]
[ECO "B22"]
[NIC "SI.46"]
[Time "13:01:11"]
[PlyCount "113"]
[TimeControl "3600+10"]

1. e4 c5 2. c3 d5 3. exd5 Qxd5 4. d4 Bf5 5. dxc5 Qxc5 6. Be3 Qc7 7. Nf3 Nf6
8. Nbd2 e6 9. Nd4 Bg6 10. Nb5 Qd8 11. Nxa7 Be7 12. Qb3 Qd7 13. Bb5 Nc6 14.
Qc4 Bd3 15. Qxd3 Qxd3 16. Bxd3 Nxa7 17. Ne4 Nc6 18. O-O O-O 19. Nxf6+ Bxf6
20. Be4 Rfd8 21. a4 Rab8 22. a5 Ne5 23. Bf4 g5 24. Be3 Nc4 25. Ba7 Ra8 26.
Bb6 Rd7 27. Rfd1 Rxd1+ 28. Rxd1 Nxa5 29. Ra1 Bd8 30. Rxa5 Rxa5 31. Bxa5
Bxa5 32. Bxb7 f5 33. b4 Bc7 34. c4 Kf7 35. c5 Ke7 36. b5 Bb8 37. b6 e5 38.
c6 Kd8 39. f3 g4 40. h3 gxf3 41. gxf3 e4 42. fxe4 fxe4 43. Kf2 Bf4 44. h4
h5 45. Ba6 Bd6 46. Ke2 Bf4 47. Bc4 Bd6 48. Bd5 e3 49. Bf7 Bh2 50. Bxh5 Bf4
51. Bg6 Bd6 52. h5 Bf4 53. c7+ Bxc7 54. bxc7+ Kxc7 55. h6 Kd7 56. h7 Ke7
57. h8=Q { Black resigns } 1-0

[Event "ICC tourney 2284 (60 10)"]
[Site "Internet Chess Club"]
[Date "2021.01.10"]
[Round "5"]
[White "evilking"]
[Black "bubblegum22"]
[Result "1-0"]
[ICCResult "Black checkmated"]
[WhiteElo "1784"]
[BlackElo "1300"]
[Opening "Giuoco Piano"]
[ECO "C50"]
[NIC "IG.02"]
[Time "13:00:15"]
[PlyCount "121"]
[TimeControl "3600+10"]

1. e4 e5 2. Nf3 Nc6 3. Bc4 Bc5 4. O-O Nf6 5. d3 h6 6. Nbd2 O-O 7. Re1 d6 8.
c3 Na5 9. Bb5 a6 10. Ba4 Nc6 11. Nf1 Ng4 12. Re2 b5 13. Bb3 Bb6 14. Ng3 b4
15. h3 Nf6 16. Nh4 bxc3 17. bxc3 Ne7 18. Re1 Bd7 19. Qf3 Qc8 20. Bxh6 gxh6
21. Qxf6 Kh7 22. Qxe7 Bxh3 23. Bxf7 Bxf2+ 24. Kxf2 Be6 25. Nhf5 Rxf7 26.
Qh4 Qf8 27. Rh1 Rf6 28. Ke3 d5 29. Qg5 Rg6 30. Rxh6+ Rxh6 31. Nxh6 Qf4+ 32.
Qxf4 exf4+ 33. Kxf4 Kxh6 34. Rh1+ Kg6 35. exd5 Bxd5 36. c4 Bxg2 37. Rg1 Bc6
38. Ne4+ Kf7 39. Rg5 Rh8 40. Rc5 Rh6 41. Ke5 Re6+ 42. Kd4 Rg6 43. Ra5 Ke7
44. Nc5 Rd6+ 45. Kc3 Bg2 46. Rxa6 c6 47. Ra7+ Kf6 48. Rh7 Rd8 49. Rh6+ Ke7
50. Rh2 Bf3 51. Rf2 Bh1 52. a4 Ra8 53. Ra2 Ra5 54. Kb4 Ra8 55. a5 Rb8+ 56.
Kc3 Ra8 57. a6 Ra7 58. Rb2 Kd6 59. d4 Bf3 60. Rb7 Ra8 61. Rd7# { Black
checkmated } 1-0

[Event "ICC tourney 2284 (60 10)"]
[Site "Internet Chess Club"]
[Date "2021.01.10"]
[Round "5"]
[White "greenme"]
[Black "chessisthebest1"]
[Result "0-1"]
[ICCResult "White checkmated"]
[WhiteElo "1519"]
[BlackElo "1812"]
[Opening "Queen's pawn game, Rubinstein (Colle-Zukertort) variation"]
[ECO "D05"]
[NIC "QP.08"]
[Time "13:00:27"]
[PlyCount "152"]
[TimeControl "3600+10"]

1. d4 d5 2. Nf3 Nf6 3. e3 e6 4. Bd3 c5 5. b3 Nc6 6. Bb2 Be7 7. Nbd2 O-O 8.
O-O cxd4 9. exd4 Bd6 10. Ne5 Nb4 11. Be2 Qc7 12. c3 Nc6 13. f4 Ne4 14. Nxe4
dxe4 15. c4 f6 16. Nxc6 Qxc6 17. c5 Bc7 18. Bc4 Rd8 19. Qe2 a6 20. a4 Ba5
21. Rfd1 b6 22. cxb6 Bxb6 23. Kh1 Kh8 24. Rac1 Qb7 25. Qf1 f5 26. b4 Qe7
27. Qe1 Bb7 28. Qc3 Bd5 29. Ba3 Bxc4 30. Qxc4 Qd7 31. Qb3 Rac8 32. Rxc8
Qxc8 33. Bb2 Qd7 34. b5 axb5 35. axb5 Qd5 36. Qa4 Ra8 37. Qb4 Rc8 38. h3 h6
39. Qa4 Ra8 40. Qb4 Kh7 41. Ra1 Rxa1+ 42. Bxa1 e3 43. Qc3 e2 44. Kh2 Bxd4
45. Qe1 Bxa1 46. Qxe2 Bd4 47. g4 Qe4 48. Qxe4 fxe4 49. Kg2 g5 50. fxg5 hxg5
51. Kf1 e5 52. Ke2 Kg6 53. Kf1 Kf6 54. Kg2 Ke6 55. Kf1 Kd5 56. Kg2 Be3 57.
Kg3 Bf4+ 58. Kg2 Kc5 59. Kf2 Kxb5 60. h4 gxh4 61. g5 Bxg5 62. Kg2 Kc4 63.
Kh3 Kd3 64. Kg2 Kd2 65. Kh3 e3 66. Kg4 Bd8 67. Kf5 e2 68. Ke6 e1=Q 69. Kd5
Qh1+ 70. Ke6 Qc6+ 71. Kf5 h3 72. Kg4 h2 73. Kg3 Bh4+ 74. Kxh2 Qf3 75. Kg1
Bf2+ 76. Kf1 Ba7# { White checkmated } 0-1

[Event "ICC tourney 2284 (60 10)"]
[Site "Internet Chess Club"]
[Date "2021.01.10"]
[Round "5"]
[White "saisneha"]
[Black "ChessHawk8"]
[Result "0-1"]
[ICCResult "White forfeits on time"]
[WhiteElo "1927"]
[BlackElo "1536"]
[Opening "QGD: exchange, positional line, 6.Qc2"]
[ECO "D36"]
[NIC "QO.16"]
[Time "13:00:19"]
[PlyCount "90"]
[TimeControl "3600+10"]

1. d4 d5 2. c4 e6 3. Nc3 Nf6 4. cxd5 exd5 5. Bg5 c6 6. Qc2 Be7 7. e3 O-O 8.
Bd3 h6 9. Bh4 b6 10. Nf3 Nbd7 11. O-O Bb7 12. Rac1 c5 13. Qd2 Ne4 14. Bxe4
dxe4 15. Bxe7 Qxe7 16. Ne1 cxd4 17. exd4 Ba6 18. Ne2 Qe6 19. Nc2 Bxe2 20.
Qxe2 Qxa2 21. Nb4 Qe6 22. d5 Qe5 23. b3 Nc5 24. Nc6 Qd6 25. Rc3 Rfe8 26.
Qh5 Nd3 27. Rd1 Nxf2 28. Rf1 e3 29. Re1 Qf4 30. Qf3 Qxf3 31. gxf3 Nh3+ 32.
Kf1 e2+ 33. Rxe2 Rxe2 34. Kxe2 Nf4+ 35. Kd2 Nxd5 36. Rd3 Nf6 37. Kc3 Rc8
38. Rd8+ Rxd8 39. Nxd8 Nd7 40. Nc6 a5 41. Kd4 g5 42. Kd5 Kg7 43. Kd6 Nc5
44. b4 axb4 45. Nxb4 f5 { White forfeits on time } 0-1

[Event "ICC tourney 2284 (60 10)"]
[Site "Internet Chess Club"]
[Date "2021.01.10"]
[Round "5"]
[White "SkyAngel"]
[Black "Blue-Elephant1"]
[Result "1/2-1/2"]
[ICCResult "Game drawn by mutual agreement"]
[WhiteElo "2187"]
[BlackElo "2120"]
[Opening "Sicilian defense"]
[ECO "B40"]
[NIC "SI.43"]
[Time "13:00:17"]
[PlyCount "89"]
[TimeControl "3600+10"]

1. e4 c5 2. Nf3 e6 3. g3 Nf6 4. Qe2 Nc6 5. Bg2 d5 6. exd5 Nxd5 7. O-O Be7
8. Rd1 Qb6 9. c3 O-O 10. d4 cxd4 11. Nxd4 Nxd4 12. Rxd4 Re8 13. Nd2 Bd7 14.
Nf3 Rad8 15. c4 Nf6 16. Bf4 e5 17. Bxe5 Bc5 18. Rh4 Ng4 19. Qc2 g6 20. Bc3
Bf5 21. Qb3 Qxb3 22. axb3 Re2 23. h3 Bxf2+ 24. Kh1 Ne3 25. Ng5 Nxg2 26.
Kxg2 Bd4+ 27. Kf1 Rf2+ 28. Kg1 Bxc3 29. Kxf2 Bf6 30. Nf3 Bxh4 31. gxh4 a6
32. Re1 Bxh3 33. Ng5 Bf5 34. Re7 Rd7 35. Rxd7 Bxd7 36. Ne4 Bc6 37. Nc5 f5
38. b4 Kg7 39. b5 axb5 40. cxb5 Bh1 41. Ke3 Kf6 42. Kf4 h6 43. Nd7+ Ke7 44.
Ne5 Kf6 45. Nd7+ { Game drawn by mutual agreement } 1/2-1/2

[Event "ICC tourney 2284 (60 10)"]
[Site "Internet Chess Club"]
[Date "2021.01.10"]
[Round "6"]
[White "ChessHawk8"]
[Black "sushimonster"]
[Result "1-0"]
[ICCResult "Black resigns"]
[WhiteElo "1536"]
[BlackElo "1510"]
[Opening "Scotch: Göring gambit"]
[ECO "C44"]
[NIC "SO.06"]
[Time "16:00:41"]
[PlyCount "37"]
[TimeControl "3600+10"]

1. e4 e5 2. Nf3 Nc6 3. d4 exd4 4. c3 dxc3 5. Nxc3 Bb4 6. Bc4 Bxc3+ 7. bxc3
d6 8. e5 Nxe5 9. Nxe5 dxe5 10. Bxf7+ Ke7 11. Ba3+ Qd6 12. Bxd6+ cxd6 13.
Bc4 Nf6 14. O-O Rf8 15. Qd3 Bg4 16. Rab1 b6 17. h3 Bh5 18. Qe3 d5 19. Qxe5+
{ Black resigns } 1-0

[Event "ICC tourney 2284 (60 10)"]
[Site "Internet Chess Club"]
[Date "2021.01.10"]
[Round "6"]
[White "jebele123"]
[Black "SAHYmilana"]
[Result "1-0"]
[ICCResult "Black checkmated"]
[WhiteElo "1559"]
[BlackElo "1372"]
[Opening "Ruy Lopez: classical defense, 4.c3"]
[ECO "C64"]
[NIC "RL.01"]
[Time "16:00:40"]
[PlyCount "63"]
[TimeControl "3600+10"]

1. e4 e5 2. Nf3 Nc6 3. Bb5 Bc5 4. c3 Nf6 5. d3 d6 6. O-O O-O 7. h3 a6 8.
Ba4 b5 9. Bc2 Be6 10. d4 exd4 11. cxd4 Bb6 12. d5 Bxh3 13. gxh3 Ne7 14. Kh2
Ng6 15. Nc3 Nh5 16. Ng1 Nhf4 17. Bxf4 Nxf4 18. Qg4 Qf6 19. Rab1 h5 20. Qf5
Qh4 21. Nf3 Qf6 22. Qxf6 gxf6 23. Nh4 Kh7 24. e5+ Kg7 25. exf6+ Kxf6 26.
Ne4+ Ke7 27. Nf5+ Kd8 28. Rbd1 Rg8 29. Rg1 Re8 30. Nf6 Re2 31. Rg8+ Re8 32.
Rxe8# { Black checkmated } 1-0